 Dungeon Crawl Stone Soup version 0.24-a0-725-gf1a930fc54 (webtiles) character file.

Game seed: 1711023780806596174, levelgen mode: deterministic

310 Kohma the Quickloader (level 6, -1/50 HPs)
             Began as a Minotaur Hunter on Oct 1, 2019.
             Slain by a gnoll
             ... wielding a cursed -3 whip
              (5 damage)
             ... on level 4 of the Dungeon.
             The game lasted 00:11:09 (3084 turns).

Kohma the Quickloader (Minotaur Hunter)             Turns: 3084, Time: 00:11:10

Health: -1/50      AC:  6    Str: 16    XL:     6   Next: 18%
Magic:  5/5        EV: 10    Int:  8    God:
Gold:   158        SH:  0    Dex: 13    Spells: 5/5 levels left

rFire    . . .     SeeInvis .   b - +3 dagger
rCold    . . .     Gourm    .   (no shield)
rNeg     . . .     Faith    .   o - +0 scale mail
rPois    .         Spirit   .   (helmet restricted)
rElec    .         Reflect  .   (no cloak)
rCorr    .         Harm     .   (no gloves)
MR       .....                  (no boots)
Stlth    ..........             (no amulet)
HPRegen  0.16/turn              (no ring)
MPRegen  0.09/turn              (no ring)

@: no status effects
A: retaliatory headbutt, horns 2
a: no special abilities


You were on level 4 of the Dungeon.
You were not hungry.

You visited 1 branch of the dungeon, and saw 4 of its levels.

You collected 158 gold pieces.

Inventory:

Hand Weapons
 a - a +1 hand crossbow
 b - a +3 dagger (weapon)
Missiles
 d - 15 bolts
 m - 111 stones (quivered)
 y - 5 atropa-tipped darts
Armour
 c - a +0 leather armour
 h - a +0 ring mail
 o - a +0 scale mail (worn)
Jewellery
 j - an uncursed ring of protection from fire {unknown}
 p - a cursed ring of teleportation {unknown}
 s - an uncursed ring of flight {unknown}
 u - an uncursed ring of wizardry {unknown}
Wands
 x - a wand of random effects (22)
Scrolls
 e - 4 scrolls of remove curse {unknown}
 g - a scroll of random uselessness {unknown}
 i - 2 scrolls of identify {unknown}
 n - 3 scrolls of teleportation {unknown}
 v - a scroll of fear {unknown}
 w - a scroll of enchant armour {unknown}
Potions
 k - a potion of agility {unknown}
 l - 2 potions of mutation {unknown}
 q - 2 potions of might {unknown}
 r - 4 potions of heal wounds {unknown}
 t - a potion of flight {unknown}
 A - a potion of ambrosia {unknown}
 B - a potion of curing {unknown}
Comestibles
 f - 6 rations


   Skills:
 + Level 2.5 Fighting
 * Level 8.1 Crossbows
 + Level 0.4 Armour
 - Level 2.3 Dodging
 - Level 0.7 Stealth


You had 5 spell levels left.
You didn't know any spells.
Your spell library was empty.

Dungeon Overview and Level Annotations

Branches:
Dungeon (4/15)
 Temple: D:4-7

Altars:


Innate Abilities, Weirdness & Mutations

You reflexively headbutt those who attack you in melee.
You have a pair of horns on your head.


Message History

The gnoll shaman is heavily wounded.
The gnoll hits you with a cursed -3 whip.
* * * LOW HITPOINT WARNING * * *
The gnoll shaman hits you with a +0 club.
* * * LOW HITPOINT WARNING * * *
You barely miss the gnoll shaman.
The gnoll shaman is heavily wounded.
The gnoll hits you but does no damage.
The gnoll shaman hits you with a +0 club.
* * * LOW HITPOINT WARNING * * *
The gnoll hits you with a cursed -3 whip.
* * * LOW HITPOINT WARNING * * *
The gnoll shaman utters an invocation to its god.
The gnoll shaman is healed somewhat.
The gnoll hits you but does no damage. The gnoll hits you but does no damage.
The gnoll is no longer moving quickly.
There is a stone staircase leading up here.
The gnoll hits you with a cursed -3 whip.
You die...

.#######.....##........######...#
.##...##...............#...##...#
......#...............#.........#
......#...............#.........#
......#...............#.........#
###...#...............#.........#
#...#......##.......##........#
#...##.....##.......##...##...#
.####'##.....#..@.....##...##...#
.............#..g..........#....#
.............#..g..........#....#
.............#..........>..'....#
.............#.............#....#
.............'.............#....#
.............#.............#....#
####..####...##..##...#######...#
#+#####...##..##...###..##...#


You could see a gnoll shaman and a gnoll.

Vanquished Creatures
  A hound (D:4)
  An orc priest (D:3)
  A centaur skeleton (D:4)
  3 worker ants (D:4)
  2 gnolls
  5 adders
  An ooze (D:2)
  A worm (D:2)
  2 dart slugs
  A leopard gecko (D:2)
  3 orcs
  4 giant cockroaches
  9 goblins
  9 hobgoblins
  5 jackals
  A ball python (D:2)
  13 bats
  3 frilled lizards (D:2)
  9 kobolds
  6 rats
80 creatures vanquished.

Notes
Turn   | Place    | Note
-------+----------+-------------------------------------------
     0 | D:1      | Kohma the Minotaur Hunter began the quest for the Orb.
     0 | D:1      | Reached XP level 1. HP: 18/18 MP: 0/0
    54 | D:1      | Reached XP level 2. HP: 17/25 MP: 1/1
   125 | D:1      | Reached skill level 5 in Crossbows
   489 | D:1      | Reached XP level 3. HP: 30/30 MP: 2/2
  1090 | D:2      | Reached skill level 6 in Crossbows
  1119 | D:2      | Reached XP level 4. HP: 37/37 MP: 3/3
  2008 | D:3      | Reached skill level 7 in Crossbows
  2008 | D:3      | Reached XP level 5. HP: 22/42 MP: 4/4
  2978 | D:4      | Reached skill level 8 in Crossbows
  2978 | D:4      | Reached XP level 6. HP: 27/50 MP: 5/5
  3069 | D:4      | HP: 2/50 [gnoll/cursed -3 whip (2)]
  3084 | D:4      | Slain by a gnoll

Levels and vault maps discovered:
D:1:      minmay_arrival_arboretum_small, layout_rooms, minmay_split_cup_small
D:2:      minmay_spotlight, layout_basic, st_stairs_13
D:3:      layout_rooms, first_ration
D:4:      layout_gridville, serial_glass, glass_columns_a, glass_columns_b

Skill      XL: |  1  2  3  4  5 |
---------------+----------------+-----
Crossbows      | 5 6 7 8 |  8.1
Fighting       | |  2.5
Armour         | |  0.4
Dodging        | |  2.3
Stealth        | |  0.7

Action                   |  1- 3 |  4- 6 || total
-------------------------+-------+-------++-------
Melee: Short sword       |    92 |    46 ||   138
       Headbutt          |     9 |    21 ||    30
       Dagger            |       |    53 ||    53
 Fire: Hand crossbow     |    15 |    28 ||    43
Throw: Stone             |       |     4 ||     4
  Eat: Chunk             |     1 |     6 ||     7
Armor: Leather armour    |     2 |       ||     2
       Ring mail         |     9 |       ||     9
       Scale mail        |    21 |    42 ||    63
Dodge: Dodged            |    61 |    66 ||   127

Table legend:
 A = Non-vault XP
 B = Vault XP
 C = Vault XP percentage of total XP
 D = Non-vault monster count
 E = Vault monster count
 F = Vault count percentage of total count
                 A         B        C        D         E       F
            +---------+---------+-------+---------+---------+-------
      Total |     435 |       9 |   2.0 |      74 |       6 |   7.5
            +---------+---------+-------+---------+---------+-------
        D:1 |      43 |       4 |   8.5 |      25 |       3 |  10.7
        D:2 |      95 |       5 |   5.0 |      26 |       3 |  10.3
        D:3 |      92 |       0 |   0.0 |      14 |       0 |   0.0
        D:4 |     205 |       0 |   0.0 |       9 |       0 |   0.0
            +---------+---------+-------+---------+---------+-------
